 Dungeon Crawl Stone Soup version 0.29.1-12-g30fa7ad0bf (webtiles) character file.

Game seed: 16322710612728088516

798 Linkola the Conjurer (level 7, -1/29 (36) HPs)
             Began as a Deep Elf Conjurer on Jan 1, 2023.
             Slain by Edmund
             ... wielding a +2 flail of draining
              (9 damage)
             ... on level 5 of the Dungeon.
             The game lasted 00:12:59 (4859 turns).

Linkola the Conjurer (Deep Elf Conjurer)            Turns: 4859, Time: 00:12:59

HP:   -1/29 (36)    AC:  6    Str:  4    XL:     7   Next: 58%
MP:   9/18          EV: 12    Int: 25    God:
Gold: 332           SH:  0    Dex: 13    Spells: 9/19 levels left

rFire   + . .      SeeInvis .   e - +1 dagger (vorpal)
rCold   + . .      Faith    .   (no shield)
rNeg    . . .      Spirit   .   a - +0 robe
rPois   +          Reflect  .   (no helmet)
rElec   .          Harm     .   (no cloak)
rCorr   .          Rampage  .   (no gloves)
Will    .....                   (no boots)
Stlth   +++.......              (no amulet)
HPRegen 0.09/turn               f - ring of protection from fire
MPRegen 0.16/turn               k - +4 ring of protection

@: heavily drained, unable to read
A: cold resistance 1, poison resistance, inability to read after injury 1
a: no special abilities


You were on level 5 of the Dungeon.
You visited 2 branches of the dungeon, and saw 6 of its levels.

You collected 332 gold pieces.

Inventory:

Hand Weapons
 e - a +1 vorpal dagger (weapon)
Armour
 a - a +0 robe (worn)
Jewellery
 f - a ring of protection from fire (left hand)
 k - a +4 ring of protection (right hand)
Wands
 l - a wand of flame (5)
Scrolls
 j - 2 scrolls of teleportation
Potions
 b - 4 potions of magic
 c - a potion of flight {unknown}
 d - 3 potions of haste
 g - a potion of invisibility {unknown}
 h - 2 potions of curing
 i - 2 potions of heal wounds


   Skills:
 + Level 3.0 Dodging
 + Level 4.1 Stealth
 + Level 6.6 Spellcasting
 + Level 7.2 Conjurations
 * Level 4.8 Hexes


You had 9 spell levels left.
You knew the following spells:

 Your Spells              Type           Power      Damage    Failure   Level
a - Magic Dart            Conj           100%       1d8       1%          1
b - Searing Ray           Conj           88%        2d7       1%          2
c - Dazzling Flash        Conj/Hex       76%        N/A       1%          3
d - Fulminant Prism       Conj/Hex       19%        3d11      6%          4

Your spell library contained the following spells:

 Spells                   Type           Power      Damage    Failure   Level
 Iskenderun's Mystic Bla  Conj/Tloc      26%        2d7       16%         4


Dungeon Overview and Level Annotations

Branches:
Dungeon (5/15)             Temple (1/1) D:5

Altars:
Ashenzari
Cheibriados
Dithmenos
Elyvilon
Fedhas
Gozag
Hepliaklqana
Kikubaaqudgha
Makhleb
Nemelex Xobeh
Okawaru
Qazlal
Ru
Sif Muna
Trog
Uskayaw
Wu Jian
Zin
The Shining One

Shops:
D:1 ?([!   D:5 :

Annotations:
D:5 Edmund


Innate Abilities, Weirdness & Mutations

Your flesh is cold resistant. (rC+)
Your system is resistant to poisons. (rPois)
You occasionally lose the ability to read scrolls when taking damage.


Message History

Edmund is lightly wounded. (Press . to maintain the ray.)
The searing ray hits Edmund but does no damage.
Edmund is lightly wounded.
Edmund hits you with a +2 flail of draining!
You feel drained.
The searing ray hits Edmund!
Edmund is moderately wounded.
Edmund closely misses you.
The searing ray hits Edmund!
Edmund is heavily wounded.
You finish channelling your searing ray.
Edmund asks, "Have you met my wondrous brother?"
Edmund closely misses you.
Casting: Searing Ray (safe; 1% risk of failure)
Confirm with . or Enter, or press ? or * to list all spells.
Aiming: Searing Ray (safe; 1% risk of failure)
Press: ? - help, Shift-Dir - straight line, f/p - Edmund
Aim: Edmund, wielding a +2 flail of draining and wearing a +0 ring mail (heavily wounded, 84% to hit)
The searing ray hits Edmund but does no damage.
Edmund is heavily wounded. (Press . to maintain the ray.) Edmund hits you with a +2 flail of draining.
You feel drained.
The searing ray hits Edmund!
Edmund is severely wounded.
Edmund hits you with a +2 flail of draining!
You feel drained.
The searing ray hits Edmund.
Edmund is severely wounded.
Edmund hits you with a +2 flail of draining.
You feel threatened and lose the ability to read scrolls!
* * * LOW HITPOINT WARNING * * *
You feel drained.
* * * LOW HITPOINT WARNING * * *
The searing ray hits Edmund.
Edmund is almost dead.
You finish channelling your searing ray.
Edmund hits you with a +2 flail of draining!
You die...

# #. #.#... ##....#
......######
...........#
#######..#.##.#
...# #..#(##.#
...####..#.##.#####
#........#.##...@.#
.........#.######@#
.....###.#.# .#
........>..# .#
......#....# ..
......#....# ##
...........#
#.....#....#
###.#.##...#


You could see Edmund.

Vanquished Creatures
  Grinder (D:5)
  Sigmund (D:4)
  2 scorpions
  A jelly (D:4)
  An orc priest (D:4)
  4 orc wizards (D:4)
  A gnoll (D:1)
  A river rat (D:4)
  7 adders
  2 worms (D:2)
  3 dart slugs
  5 orcs
  6 ball pythons
  5 bats
  8 endoplasms
  5 giant cockroaches
  5 goblins
  8 hobgoblins
  4 quokkas
  4 frilled lizards
  5 kobolds
  6 rats
85 creatures vanquished.

Vanquished Creatures (others)
  6 fulminant prisms
6 creatures vanquished.

Grand Total: 91 creatures vanquished

Notes
Turn   | Place    | Note
-------+----------+-------------------------------------------
     0 | D:1      | Linkola the Deep Elf Conjurer began the quest for the Orb.
     0 | D:1      | Reached XP level 1. HP: 10/10 MP: 6/6
    41 | D:1      | Found Intad's Weapon Boutique.
   171 | D:1      | Reached XP level 2. HP: 15/15 MP: 5/8
   220 | D:1      | Reached skill level 1 in Hexes
   258 | D:1      | Learned a level 2 spell: Searing Ray
   261 | D:1      | Found Senn's Armour Shoppe.
   444 | D:1      | Found Itozxu's Distillery.
   563 | D:1      | Found Vaihar's Magic Scroll Boutique.
   596 | D:1      | Reached skill level 5 in Conjurations
   596 | D:1      | Reached XP level 3. HP: 18/19 MP: 4/9
   600 | D:1      | Learned a level 3 spell: Dazzling Flash
  1251 | D:2      | Found a sacrificial altar of Ru.
  1260 | D:2      | Found a faded altar of an unknown god.
  1546 | D:2      | Reached XP level 4. HP: 24/24 MP: 5/11
  1551 | D:2      | Learned a level 4 spell: Fulminant Prism
  1599 | D:2      | Identified the +1 scale mail of Heresy {*Corrode rC+ rN+
                  | Str+2}
  3001 | D:4      | Reached XP level 5. HP: 28/28 MP: 5/13
  3100 | D:4      | Reached skill level 6 in Conjurations
  3411 | D:4      | Gained mutation: You occasionally lose the ability to read
                  | scrolls when taking damage. [potion of mutation]
  3411 | D:4      | Gained mutation: Your system is resistant to poisons.
                  | (rPois) [potion of mutation]
  3411 | D:4      | Gained mutation: Your flesh is cold resistant. (rC+)
                  | [potion of mutation]
  3458 | D:4      | Reached XP level 6. HP: 32/32 MP: 12/15
  3461 | D:4      | Reached skill level 5 in Spellcasting
  3630 | D:4      | Noticed Sigmund
  3642 | D:4      | Killed Sigmund
  3983 | D:4      | Reached XP level 7. HP: 36/36 MP: 13/17
  4161 | D:5      | Entered Level 5 of the Dungeon
  4192 | D:5      | Noticed Grinder
  4199 | D:5      | Killed Grinder
  4200 | D:5      | Reached skill level 7 in Conjurations
  4491 | D:5      | Found an ornate altar of the Wu Jian Council.
  4491 | D:5      | Found a hazy altar of Hepliaklqana.
  4543 | D:5      | Found Idaixzol's Book Emporium.
  4557 | D:5      | Found a staircase to the Ecumenical Temple.
  4566 | Temple   | Entered the Ecumenical Temple
  4851 | D:5      | Noticed Edmund
  4859 | D:5      | Slain by Edmund

Illustrated notes

Levels and vault maps discovered:
D:1:      dpeg_arrival_arbitrary_a, layout_loops_ring, serial_shops,
          nicolae_shop_bloodbath_and_beyond, nicolae_shop_trees,
          nicolae_diamond_shop, shop, nicolae_figureground_sparkle
D:2:      layout_rooms, hellmonk_ecumenical_altar_run_dry, basic_altar,
          grunt_ministairs_14, minmay_between
D:3:      layout_loops_cross, grunt_ministairs_1, corner_web_ring
D:4:      layout_loops_ring, portal_sewer_entry_b, uniq_sigmund
D:5:      layout_basic, minitemple, nicolae_overflow_two_pavilions,
          minmay_temple_entry_tees, serial_shops, shop, uniq_grinder,
          uniq_edmund, uniq_crazy_yiuf_cottage
Temple:   nicolae_temple_bog_church

Skill      XL: |  1  2  3  4  5  6  7 |
---------------+----------------------+-----
Hexes          | 1 2 3 4 |  4.8
Conjurations   | 5 6 7 |  7.2
Stealth        | 3 4 |  4.1
Spellcasting   | 4 5 6 |  6.6
Dodging        | 3 |  3.0

Action                   |  1- 3 |  4- 6 |  7- 9 || total
-------------------------+-------+-------+-------++-------
Melee: Dagger            |     5 |     2 |       ||     7
 Cast: Magic Dart        |    56 |    59 |    13 ||   128
       Searing Ray       |     6 |    11 |     5 ||    22
       Fulminant Prism   |       |     5 |     1 ||     6
       Dazzling Flash    |       |     1 |       ||     1
  Use: Scroll            |     1 |     7 |     1 ||     9
       Potion            |       |     1 |       ||     1
Armor: Robe              |     1 |     5 |     1 ||     7
Dodge: Dodged            |     9 |    11 |     2 ||    22
